 Dungeon Crawl Stone Soup version 0.24-a0-70-gf44d0c5 (webtiles) character file.

Game seed: 13091071126425702658

7203 Mgcat the Fighter (level 10, -9/93 HPs)
             Began as a Centaur Berserker on Feb 6, 2019.
             Was a High Priest of Trog.
             Mangled by Gastronok (32 damage)
             ... on level 9 of the Dungeon.
             The game lasted 00:26:50 (9437 turns).

Mgcat the Fighter (Centaur Berserker)               Turns: 9437, Time: 00:26:51

Health: -9/93      AC: 14    Str: 23    XL:     10   Next: 87%
Magic:  13/13      EV: 10    Int:  6    God:    Trog [*****.]
Gold:   878        SH:  0    Dex:  9    Spells: 9/9 levels left

rFire    . . .     SeeInvis .   b - +3 bardiche (venom)
rCold    . . .     Gourm    .   (shield currently unavailable)
rNeg     + . .     Faith    .   F - +2 ring mail {rN+}
rPois    +         Spirit   .   d - +1 helmet
rElec    .         Reflect  .   f - +0 cloak
rCorr    .         Harm     .   y - +1 pair of gloves
MR       .....                  (no barding)
Stlth    ..........             v - amulet of regeneration {+regen, !d}
HPRegen  0.65/turn              t - ring of poison resistance {rPois, !d}
MPRegen  0.13/turn              n - +2 ring of slaying

@: very quick
A: large, hooves 3, deformed body, speed 2, tough skin 3
a: Berserk, Trog's Hand, Brothers in Arms, Renounce Religion


You were on level 9 of the Dungeon.
You worshipped Trog.
Trog was extremely pleased with you.
You were not hungry.

You visited 1 branch of the dungeon, and saw 9 of its levels.
You also visited: Ossuary.

You collected 878 gold pieces.

Inventory:

Hand Weapons
 a - a +0 shortbow
   (You took it off a centaur on level 7 of the Dungeon)
 b - a +3 bardiche of venom (weapon)
   (Trog gifted it to you on level 8 of the Dungeon)
Missiles
 i - 199 arrows
 o - 90 sling bullets
 E - 3 throwing nets {=f, !d}
Armour
 d - a +1 helmet (worn)
   (You found it on level 1 of the Dungeon)
 f - a +0 cloak (worn)
   (You found it on level 4 of the Dungeon)
 y - a +1 pair of gloves (worn)
   (You found it on level 5 of the Dungeon)
 F - a +2 ring mail of positive energy (worn)
   (You took it off an orc on level 3 of the Dungeon)
Jewellery
 n - a +2 ring of slaying (right hand)
   (You found it on level 1 of the Dungeon)
 t - a ring of poison resistance (left hand) {rPois, !d}
   (You found it on level 8 of the Dungeon)
 v - an amulet of regeneration (around neck) {+regen, !d}
   (You found it on level 3 of the Dungeon)
 x - an uncursed ring of fire {rF+, rC-}
   (You found it on level 5 of the Dungeon)
Wands
 I - a wand of acid (9)
   (You took it off Harold on level 8 of the Dungeon)
 J - a wand of enslavement (6)
   (You found it on level 6 of the Dungeon)
 K - a wand of polymorph (8)
   (You found it on level 8 of the Dungeon)
 L - a wand of paralysis (12)
   (You found it on level 9 of the Dungeon)
Scrolls
 j - a scroll of blinking {!r}
 k - a scroll of fog
 l - 4 scrolls of remove curse
 q - 5 scrolls of teleportation
 s - 2 scrolls of fear
 z - 2 scrolls of identify
Potions
 e - 2 potions of ambrosia
 g - 5 potions of curing
 h - a potion of berserk rage {!q}
 p - 5 potions of heal wounds
 r - a potion of cancellation
 u - 3 potions of brilliance {unknown}
 w - 2 potions of might {unknown}
 A - 2 potions of agility {unknown}
 B - 2 potions of lignification {unknown}
 C - a potion of haste {unknown}
 D - 3 potions of flight
 G - a potion of invisibility
 M - a potion of mutation {unknown}
Comestibles
 c - 24 rations
 m - 9 chunks of flesh {@w0}


   Skills:
 - Level 10.0 Fighting
 + Level 8.1 Polearms
 - Level 3.0 Bows
 - Level 5.0 Armour
 - Level 5.1 Dodging
 - Level 5.2 Evocations


You had 9 spell levels left.
You didn't know any spells.
Your spell library was empty.

Dungeon Overview and Level Annotations

Branches:
Dungeon (9/15)             Temple (0/1) D:4
   Lair: D:8-11         Orc: D:9-12

Altars:
Ashenzari
Fedhas
Kikubaaqudgha
Makhleb
Nemelex Xobeh
Okawaru
Uskayaw
Vehumet
Xom
Yredelemnul

Annotations:
D:6 1 runed translucent door, Crazy Yiuf
D:8 exclusions: oklob plant and oklob sapling
D:9 Gastronok


Innate Abilities, Weirdness & Mutations

You have hooves in place of feet.
Armour fits poorly on your strangely shaped body.
You cover ground very quickly.
You have extremely tough skin. (AC +3)


Message History

The centaur hits you but does no damage.
You take 7 damage, and have 66/93 hp.
You are too injured to fight recklessly!
Spoiler Alert: The centaur is fast and can hit for moderate damage at range!
You are too injured to fight recklessly!
You are too injured to fight recklessly!
You slice the centaur!!
You kill the centaur!
Trog accepts your kill.
Your Polearms skill increases to level 8!
The hound barely misses you. The hound bites you.
You take 3 damage, and have 63/93 hp.
You slice the hound!!
You kill the hound!
Trog accepts your kill.
The centaur wields a +0 shortbow.
The centaur shoots an arrow.
The arrow hits you!
You take 7 damage, and have 57/93 hp.
Spoiler Alert: The centaur is fast and can hit for moderate damage at range!
The centaur unwields a +0 shortbow.
The centaur barely misses you.
You slash the centaur!
The centaur is poisoned.
You kick the centaur!
The centaur is almost dead.
The centaur hits you but does no damage. x2
You hit the centaur.
You kill the centaur!
Trog accepts your kill.
You start resting.
Some of the chunks of flesh in your inventory have rotted away.
HP restored.
You regained 19 hp, and now have 79/93 hp.
i - 161 arrows (gained 1)
i - 185 arrows (gained 24)
You see here a +0 shortbow.
You regained 2 hp, and now have 81/93 hp.
i - 197 arrows (gained 12)
You see here a +0 shortbow.
You regained 2 hp, and now have 83/93 hp.
You see here a +0 shortbow.
Key pressed, stopping explore.
i - 198 arrows (gained 1)
i - 199 arrows (gained 1)
You open the door.
There is an open door here.
A bullfrog comes into view.
The bullfrog croaks.
Health restored: 93 Gastronok the Ponderous comes into view.
Gastronok gurgles horribly!
Spoiler Alert: Gastronok can cast Airstrike!
Unknown command.
Unknown command.
Unknown command.
Unknown command.
Attack whom?
Press: ? - help, Dir - move target cursor, f - bullfrog
Aim: a bullfrog You reach to attack!
You barely miss the bullfrog. The bullfrog barely misses you.
Spoiler Alert: Gastronok can cast Airstrike!
You closely miss the bullfrog. You kick the bullfrog!
The bullfrog is moderately wounded.
The bullfrog hits you but does no damage.
The bullfrog misses you.
Gastronok waves his eye-stalks in wide circles.
The air twists around and strikes you! The bullfrog misses you.
You take 20 damage, and have 73/93 hp.
MASSIVE DAMAGE!!
Spoiler Alert: Gastronok can cast Airstrike!
You slice the bullfrog!!
You kill the bullfrog!
Trog accepts your kill.
Gastronok waves his eye-stalks in wide circles.
The air twists around and strikes you!
You take 1 damage, and have 72/93 hp.
Spoiler Alert: Gastronok can cast Airstrike!
Gastronok gurgles.
Gastronok mumbles some strange words.
Gastronok puts on a burst of speed!
Attack whom?
Press: ? - help, Dir - move target cursor, f - Gastronok
Aim: Gastronok, wearing a +2 hat (covering ground quickly)
You reach to attack!
You slash Gastronok!
Gastronok is lightly wounded.
Spoiler Alert: Gastronok can cast Airstrike!
You slice Gastronok!!
Gastronok looks as sick as possible!
Gastronok is moderately wounded.
Gastronok bites you!!
You take 30 damage, and have 45/93 hp.
MASSIVE DAMAGE!!
You are too injured to fight recklessly!
You hit Gastronok.
Gastronok is moderately wounded.
Gastronok bites you!!
* * * LOW HITPOINT WARNING * * *
You take 23 damage, and have 22/93 hp.
MASSIVE DAMAGE!!
Spoiler Alert: Gastronok can cast Airstrike!
Unknown command.
Unknown command.
You slash Gastronok!
Gastronok looks as sick as possible!
You kick Gastronok.
Gastronok is moderately wounded.
Gastronok bites you!!
You die...

..#............#..##......####.#.
..#............#..##...........#.
..#............#..##...........#.
..#............#...............#.
#............+...............#
#............#...............#
########.....#...............#
#.....##+######+####...
#......@w...# #..## #...........#
#..# #...........# #..#
#...........# #..# #...........#
#..## #...........# #....
#...........# #.... #...........#
#.... #....


You could see Gastronok.

Vanquished Creatures
  Harold (D:8)
  Erica (D:8)
  Pikel (D:6)
  Maurice (D:8)
  Joseph (D:7)
  A meliai (D:7)
  Grinder (D:6)
  Prince Ribbit (D:8)
  Sigmund (D:3)
  A steam dragon (D:8)
  Edmund (D:5)
  A water moccasin (D:8)
  An orc warrior (D:7)
  A slave (D:6)
  3 ice beasts
  2 phantoms
  4 ogres
  5 centaurs
  7 bullfrogs
  Blork the orc (D:4)
  5 scorpions
  4 wights (D:7)
  2 vampire bats (D:5)
  2 crimson imps
  2 bullfrog zombies (D:6)
  2 centaur zombies
  A gnoll shaman (D:4)
  5 hounds
  5 orc wizards
  4 bullfrog skeletons
  2 orc priests
  A jelly (D:8)
  A centaur skeleton (D:4)
  An iguana (D:7)
  4 worker ants
  3 hound zombies
  8 mummies (Ossuary)
  A hound skeleton (D:7)
  A worker ant zombie (D:6)
  9 gnolls
  14 adders
  An ooze (D:2)
  3 adder zombies (D:6)
  2 adder skeletons (D:4)
  2 dart slugs
  4 worms
  9 leopard geckos
  16 orcs
  4 bats
  2 bat skeletons (D:5)
  4 bat zombies (D:5)
  7 giant cockroaches
  4 gnoll zombies
  14 goblins
  5 hobgoblins
  3 jackals (D:6)
  7 quokkas
  6 ball pythons (D:8)
  9 frilled lizards
  A goblin zombie (D:5)
  2 hobgoblin zombies (Ossuary)
  4 kobolds
  2 kobold zombies (Ossuary)
  2 leopard gecko skeletons (D:4)
  2 orc zombies (Ossuary)
  A quokka skeleton (D:4)
  6 rats
  A rat zombie (D:5)
236 creatures vanquished.

Vanquished Creatures (others)
  2 adders (D:8)
  6 fungi (D:4)
8 creatures vanquished.

Grand Total: 244 creatures vanquished

Notes
Turn   | Place    | Note
-------+----------+-------------------------------------------
     0 | D:1      | Mgcat the Centaur Berserker began the quest for the Orb.
     0 | D:1      | Reached XP level 1. HP: 19/19 MP: 1/1
    96 | D:1      | Reached XP level 2. HP: 26/26 MP: 2/2
   382 | D:1      | Reached skill level 3 in Polearms
   382 | D:1      | Reached XP level 3. HP: 31/31 MP: 3/3
   703 | D:2      | Reached ** piety under Trog
  1118 | D:2      | Reached XP level 4. HP: 34/40 MP: 4/4
  1276 | D:2      | Reached skill level 4 in Fighting
  1392 | D:2      | Reached skill level 2 in Dodging
  1418 | D:2      | Reached skill level 2 in Armour
  1503 | D:2      | Found an iron altar of Okawaru.
  1716 | D:3      | Found a radiant altar of Vehumet.
  1780 | D:3      | Noticed an ice beast
  1787 | D:3      | Killed an ice beast
  1787 | D:3      | Reached XP level 5. HP: 47/47 MP: 5/5
  1803 | D:3      | Noticed Sigmund
  1814 | D:3      | Killed Sigmund
  1814 | D:3      | Reached skill level 5 in Fighting
  1814 | D:3      | Reached XP level 6. HP: 44/56 MP: 6/6
  2429 | D:3      | Reached *** piety under Trog
  3196 | D:4      | Reached skill level 4 in Polearms
  3228 | D:4      | Reached XP level 7. HP: 58/61 MP: 7/7
  3399 | D:4      | Noticed Blork the orc
  3406 | D:4      | Killed Blork the orc
  3406 | D:4      | Reached skill level 3 in Armour
  3406 | D:4      | Reached skill level 3 in Dodging
  3416 | D:4      | Reached skill level 6 in Fighting
  3999 | D:4      | Found a staircase to the Ecumenical Temple.
  4061 | D:5      | Entered Level 5 of the Dungeon
  4459 | D:5      | Noticed Edmund
  4476 | D:5      | Killed Edmund
  4476 | D:5      | Reached XP level 8. HP: 70/71 MP: 8/8
  4556 | D:5      | Found a sparkling altar of Nemelex Xobeh.
  4699 | D:5      | Found a sand-covered staircase.
  4702 | D:5      | Reached **** piety under Trog
  4713 | D:5      | Reached skill level 7 in Fighting
  4722 | Ossuary  | Entered an ossuary
  4852 | Ossuary  | Reached skill level 5 in Polearms
  5209 | D:5      | Found an ancient bone altar of Kikubaaqudgha.
  5545 | D:6      | Noticed Pikel
  5625 | D:6      | Reached skill level 4 in Armour
  5625 | D:6      | Reached skill level 4 in Dodging
  5706 | D:6      | Killed Pikel
  5706 | D:6      | Reached skill level 8 in Fighting
  5706 | D:6      | Reached skill level 1 in Evocations
  5706 | D:6      | Reached XP level 9. HP: 81/81 MP: 8/10
  5799 | D:6      | Reached ***** piety under Trog
  5955 | D:6      | Found a basalt altar of Yredelemnul.
  6269 | D:6      | Noticed Grinder
  6282 | D:6      | Paralysed by Grinder for 5 turns
  6288 | D:6      | Killed Grinder
  6288 | D:6      | Reached skill level 2 in Evocations
  6477 | D:6      | Found a runed translucent door.
  6478 | D:6      | Noticed Crazy Yiuf
  6610 | D:7      | Noticed Joseph
  6629 | D:7      | Killed Joseph
  6660 | D:7      | Noticed a meliai
  6677 | D:7      | Found a burning altar of Makhleb.
  6678 | D:7      | Found a shimmering altar of Xom.
  6682 | D:7      | Found a hide-covered altar of Uskayaw.
  6704 | D:7      | Found a transporter.
  6714 | D:7      | Found a transporter.
  6727 | D:7      | Reached skill level 6 in Polearms
  6746 | D:7      | Killed a meliai
  6746 | D:7      | Reached skill level 9 in Fighting
  6746 | D:7      | Reached skill level 3 in Evocations
  6752 | D:7      | Received a gift from Trog
  7390 | D:7      | Reached skill level 1 in Bows
  7403 | D:7      | Reached XP level 10. HP: 91/91 MP: 12/12
  7959 | D:8      | Noticed Harold
  7977 | D:8      | Killed Harold
  7977 | D:8      | Reached skill level 2 in Bows
  7977 | D:8      | Reached skill level 5 in Armour
  7977 | D:8      | Reached skill level 5 in Dodging
  7981 | D:8      | Noticed Maurice
  7997 | D:8      | Found a shattered altar of Ashenzari.
  8017 | D:8      | Noticed Erica
  8050 | D:8      | HP: 23/92 [something (3)]
  8259 | D:8      | Noticed Prince Ribbit
  8271 | D:8      | Killed Prince Ribbit
  8271 | D:8      | Received a gift from Trog
  8305 | D:8      | Reached skill level 3 in Bows
  8305 | D:8      | Reached skill level 4 in Evocations
  8369 | D:8      | Noticed an oklob plant
  8539 | D:8      | Reached skill level 10 in Fighting
  8611 | D:8      | HP: 23/93 [poisoned by Erica (bolt of poison)]
  8612 | D:8      | Killed Erica
  8612 | D:8      | Reached skill level 7 in Polearms
  8616 | D:8      | HP: 19/93 [poisoned by Erica (bolt of poison)]
  8623 | D:8      | HP: 21/93 [poisoned by Erica (bolt of poison)]
  8993 | D:8      | Found a blossoming altar of Fedhas.
  9027 | D:8      | Killed Maurice
  9027 | D:8      | Reached skill level 5 in Evocations
  9134 | D:9      | Got a vibrating glass ring
  9135 | D:9      | Identified the ring "Aceezepn" {+Fly rElec rC+ MR- Stlth+}
                  | (You found it on level 9 of the Dungeon)
  9349 | D:9      | Reached skill level 8 in Polearms
  9426 | D:9      | Noticed Gastronok
  9436 | D:9      | HP: 22/93 [Gastronok (24)]
  9437 | D:9      | Mangled by Gastronok

Vault maps used:
D:1:      dpeg_arrival_arbitrary_b, layout_loops_ring, minmay_tall_x
D:2:      layout_basic, okawaru_ov_weapons_minmay
D:3:      layout_loops_corners, vehumet_crystals, first_ration,
          hangedman_abyss_or_decor_stabs, serial_bayou_pond_b,
          dk_noncrumbling_3, uniq_sigmund
D:4:      layout_basic, lemuel_temple_firewalk_b, serial_aquarium,
          aquarium_bridge_long_separate [aquarium_subvault_bridge,
          aquarium_subvault_wall, aquarium_subvault_bridge,
          aquarium_subvault_wall, aquarium_subvault_wall,
          aquarium_subvault_bridge], aquarium_window_1, aquarium_window_1,
          aquarium_window_1, aquarium_window_fake, aquarium_view_2e,
          aquarium_balcony_3a, dk_noncrumbling_2, minmay_increasing_density,
          uniq_blork_the_orc
D:5:      layout_loops_corners, kennysheep_vampire_church, kennysheep_mini,
          enter_ossuary_3, hangedman_decor_growths,
          minmay_a_box_with_orc_wizards_in_it, uniq_edmund
D:6:      layout_basic, lemuel_zombie_altar_yredelemnul, serial_undead,
          serial_undead_f, serial_undead_d, serial_undead_c, serial_undead_c,
          minmay_ogre_servants, uniq_crazy_yiuf_cottage, uniq_grinder,
          uniq_pikel
D:7:      layout_basic, gammafunk_temple_overflow_arena, grunt_ogre_cave,
          uniq_joseph
D:8:      layout_gridville, nicolae_ashenzari_panopticon,
          introduction_to_nature_1, uniq_maurice, uniq_prince_ribbit1,
          uniq_harold, uniq_erica
D:9:      layout_stronghold, minmay_microvault, uniq_gastronok
Ossuary:  ossuary_tomb_3

Skill      XL: |  1  2  3  4  5  6  7  8  9 10 |
---------------+-------------------------------+-----
Polearms       | 3 4 5 6 8 |  8.1
Fighting       | 4 5 6 8 9 10 | 10.0
Dodging        | 2 3 4 5 |  5.1
Armour         | 2 3 4 5 |  5.0
Evocations     | 1 3 5 |  5.2
Bows           | 1 3 |  3.0

Action                   |  1- 3 |  4- 6 |  7- 9 | 10-12 || total
-------------------------+-------+-------+-------+-------++-------
Melee: Spear             |    74 |    54 |     6 |       ||   134
       Kick              |     7 |     8 |    78 |    35 ||   128
       Halberd           |       |       |   336 |    63 ||   399
       Bardiche          |       |       |       |    80 ||    80
       Unarmed           |       |       |       |    17 ||    17
 Fire: Hunting sling     |    25 |    78 |    86 |       ||   189
       Shortbow          |       |       |     8 |    18 ||    26
Invok: Berserk           |     1 |       |     5 |     2 ||     8
  Use: Scroll            |     4 |     2 |    17 |     5 ||    28
       Potion            |       |       |       |     2 ||     2
  Eat: Chunk             |     1 |     5 |    12 |     4 ||    22
       Ration            |       |       |     1 |     1 ||     2
Armor: Animal skin       |    24 |       |       |       ||    24
       Scale mail        |     1 |    17 |    16 |       ||    34
       Ring mail         |       |       |   163 |   141 ||   304
Dodge: Dodged            |    31 |    15 |   153 |   104 ||   303

Table legend:
 A = Non-vault XP
 B = Vault XP
 C = Vault XP percentage of total XP
 D = Non-vault monster count
 E = Vault monster count
 F = Vault count percentage of total count
                 A         B        C        D         E       F
            +---------+---------+-------+---------+---------+-------
      Total |    4329 |    5961 |  57.9 |     151 |      85 |  36.0
            +---------+---------+-------+---------+---------+-------
        D:1 |      35 |      10 |  22.2 |      12 |       4 |  25.0
        D:2 |      91 |       0 |   0.0 |      23 |       0 |   0.0
        D:3 |     166 |     209 |  55.7 |      16 |       4 |  20.0
        D:4 |     501 |     177 |  26.1 |      19 |       5 |  20.8
        D:5 |     316 |     459 |  59.2 |      13 |      15 |  53.6
        D:6 |     335 |    1254 |  78.9 |      15 |      21 |  58.3
        D:7 |    1136 |     851 |  42.8 |      21 |       5 |  19.2
        D:8 |     945 |    2848 |  75.1 |      19 |      15 |  44.1
        D:9 |     804 |       0 |   0.0 |      13 |       0 |   0.0
    Ossuary |       0 |     153 | 100.0 |       0 |      16 | 100.0
            +---------+---------+-------+---------+---------+-------

Vault maps used:
D:1:      dpeg_arrival_arbitrary_b, layout_loops_ring, minmay_tall_x
D:2:      layout_basic, okawaru_ov_weapons_minmay
D:3:      layout_loops_corners, vehumet_crystals, first_ration,
          hangedman_abyss_or_decor_stabs, serial_bayou_pond_b,
          dk_noncrumbling_3, uniq_sigmund
D:4:      layout_basic, lemuel_temple_firewalk_b, serial_aquarium,
          aquarium_bridge_long_separate [aquarium_subvault_bridge,
          aquarium_subvault_wall, aquarium_subvault_bridge,
          aquarium_subvault_wall, aquarium_subvault_wall,
          aquarium_subvault_bridge], aquarium_window_1, aquarium_window_1,
          aquarium_window_1, aquarium_window_fake, aquarium_view_2e,
          aquarium_balcony_3a, dk_noncrumbling_2, minmay_increasing_density,
          uniq_blork_the_orc
D:5:      layout_loops_corners, kennysheep_vampire_church, kennysheep_mini,
          enter_ossuary_3, hangedman_decor_growths,
          minmay_a_box_with_orc_wizards_in_it, uniq_edmund
D:6:      layout_basic, lemuel_zombie_altar_yredelemnul, serial_undead,
          serial_undead_f, serial_undead_d, serial_undead_c, serial_undead_c,
          minmay_ogre_servants, uniq_crazy_yiuf_cottage, uniq_grinder,
          uniq_pikel
D:7:      layout_basic, gammafunk_temple_overflow_arena, grunt_ogre_cave,
          uniq_joseph
D:8:      layout_gridville, nicolae_ashenzari_panopticon,
          introduction_to_nature_1, uniq_maurice, uniq_prince_ribbit1,
          uniq_harold, uniq_erica
D:9:      layout_stronghold, minmay_microvault, uniq_gastronok
Ossuary:  ossuary_tomb_3

Table legend:
 A = Turns spent in this place as a percentage of turns spent in the entire game.
 B = Non-inter-level travel turns spent in this place as a percentage of non-inter-level travel turns spent in the entire game.
 C = Inter-level travel turns spent in this place as a percentage of turns spent in this place.
 D = Turns resting spent in this place as a percentage of non-inter-level travel turns spent in this place.
 E = Turns spent auto-exploring this place as a percentage of non-inter-level travel turns spent in this place.
 F = Non-inter-level travel turns spent in this place divided by the number of levels of this place that you've seen.
                   A       B       C       D       E      F
               +-------+-------+-------+-------+-------+----------------------
         Total | 100.0 | 100.0 |   8.9 |   4.6 |  72.7 | 859.9
       Dungeon |  97.0 |  96.7 |   9.2 |   4.8 |  73.2 | 924.2
       Ossuary |   3.0 |   3.3 |   0.0 |   0.0 |  56.6 | 281.0
               +-------+-------+-------+-------+-------+----------------------

Table legend:
 A = Kills in this place as a percentage of kills in entire the game.
 B = Kills by you in this place as a percentage of kills by you in the entire game.
 C = Kills by friends in this place as a percentage of kills by friends in the entire game.
 D = Other kills in this place as a percentage of other kills in the entire game.
 E = Experience gained in this place as a percentage of experience gained in the entire game.
 F = Experience gained in this place divided by the number of levels of this place that you have seen.
                   A       B       C       D       E      F
               +-------+-------+-------+-------+-------+----------------------
         Total | 100.0 | 100.0 |   N/A | 100.0 | 100.0 | 1029.0
       Dungeon |  93.2 |  93.2 |   N/A | 100.0 |  98.5 | 1126.3
       Ossuary |   6.8 |   6.8 |   N/A |   0.0 |   1.5 | 153.0
               +-------+-------+-------+-------+-------+----------------------
